 Dungeon Crawl Stone Soup version 0.30-a0-170-g85af917532 (webtiles) character file.

Game seed: 16331777034443940553

107 qw the Chopper (level 4, -10/28 HPs)
             Began as a Gargoyle Fighter on Sept 30, 2022.
             Mangled by an ogre
             ... wielding a +0 giant club
              (12 damage)
             ... on level 4 of the Dungeon.
             The game lasted 00:00:56 (2664 turns).

qw the Chopper (Gargoyle Fighter)                   Turns: 2664, Time: 00:00:56

Health: -10/28     AC: 16    Str: 21    XL:     4   Next: 86%
Magic:  4/4        EV:  9    Int:  9    God:
Gold:   228        SH:  4    Dex:  9    Spells: 3/3 levels left

rFire   + . .      SeeInvis .    Y - +1 war axe
rCold   . . .      Faith    .    c - +0 buckler
rNeg    + + .      Spirit   .    b - +0 scale mail
rPois   inf        Reflect  .    l - +0 helmet
rElec   +          Harm     .    f - +1 cloak {Will+}
rCorr   .          Rampage  .    j - +2 pair of gloves
Will    +....                    (no boots)
Stlth   ..........               (no amulet)
HPRegen 0.09/turn                i - ring of positive energy
MPRegen 0.09/turn                n - ring of protection from fire

@: about to teleport
A: sickness immunity, AC +3, negative energy resistance 1, electricity
resistance, torment resistance 1, petrification resistance
a: no special abilities


You were on level 4 of the Dungeon.
You visited 1 branch of the dungeon, and saw 4 of its levels.

You collected 228 gold pieces.


Innate Abilities, Weirdness & Mutations

You are immune to sickness and miasma.
Your stone body is resilient. (AC +3)
You are immune to poison.
You resist negative energy. (rN+)
You are resistant to electric shocks. (rElec)
You are resistant to unholy torment.
You are immune to petrification.


   Skills:
 - Level 3.2 Fighting
 + Level 4.4 Axes
 - Level 3.2 Armour
 - Level 3.2 Shields


You had 3 spell levels left.
You didn't know any spells.
Your spell library was empty.

Inventory:

Hand Weapons
 m - a +0 flail
 Y - a +1 war axe (weapon)
Armour
 b - a +0 scale mail (worn)
 c - a +0 buckler (worn)
 f - a +1 cloak of willpower (worn)
 j - a +2 pair of gloves (worn)
 l - a +0 helmet (worn)
Jewellery
 i - a ring of positive energy (left hand)
 n - a ring of protection from fire (right hand)
Scrolls
 h - a scroll of identify
 o - a scroll of magic mapping {unknown}
Potions
 a - a potion of haste {unknown}
 d - a potion of might
 e - a potion of brilliance {unknown}
 g - a potion of degeneration {unknown}
 p - a potion of curing {unknown}

Dungeon Overview and Level Annotations

Branches:
Dungeon (4/15)
 Temple: D:4-7

Altars:


Message History

Done exploring.
(D) Dungeon
Where to? (* - list waypoints, Enter - D:3, ? - help)
What level of the Dungeon? (default 1, ? - help)
There is a stone staircase leading down here.
You climb downwards.
Found a scroll labelled GUXKEGANEH and a mace.
There is a stone staircase leading up here.
Existing waypoints: (1) D:2 (2) D:3 Assign waypoint to what number? (0-9, D - delete waypoint) Waypoint 1 re-assigned from D:2 to D:4.
o - a scroll labelled GUXKEGANEH
Found an escape hatch in the ceiling.
There is an escape hatch in the ceiling here.
p - a sedimented grey potion
Enter note: An ogre comes into view. It is wielding a +0 giant club.
The ogre shouts!
You hear a shout!
A goblin comes into view. It is wielding a +0 club.
You slash the ogre!
The ogre is moderately wounded.
You block the ogre's attack.
You slash the ogre!
The ogre is heavily wounded.
The ogre barely misses you.
You closely miss the ogre.
The ogre is heavily wounded.
You barely miss the ogre.
The ogre is heavily wounded.
The ogre hits you with a +0 giant club!
You hit the ogre.
The ogre is severely wounded.
The ogre hits you with a +0 giant club!
Ouch! That really hurt!
2664 ||| READING scroll of teleportation.
As you read the scroll of teleportation, it crumbles to dust.
You feel strangely unstable. The ogre hits you with a +0 giant club!
You die...

### ..# #.# #.#
#.#######
#.Og....# #@#
#.# #.# #.#
#######.#
........#
###.###.#
#.#...#
.######.#.######


You could see an ogre and a goblin.

Vanquished Creatures
  4 adders
  4 worms
  3 dart slugs
  2 orcs (D:3)
  4 ball pythons
  6 endoplasms
  A giant cockroach (D:3)
  2 goblins (D:2)
  5 hobgoblins
  6 kobolds
  2 quokkas
  8 bats
  5 frilled lizards
  A rat (D:1)
53 creatures vanquished.

Notes
Turn   | Place    | Note
-------+----------+-------------------------------------------
     0 | D:1      | qw the Gargoyle Fighter began the quest for the Orb.
     0 | D:1      | Reached XP level 1. HP: 14/14 MP: 1/1
     0 | D:1      | 0 ||| qw: Version: 0.2-a-12-gaebbb33
     0 | D:1      | 0 ||| qw: Game counter: 1466
     0 | D:1      | 0 ||| qw: Always use a shield: true
     0 | D:1      | 0 ||| qw: God list: Okawaru
     0 | D:1      | 0 ||| qw: Allow faded altars: false
     0 | D:1      | 0 ||| qw: Do Orc after D:15 true
     0 | D:1      | 0 ||| qw: Do second Lair branch before Depths: true
     0 | D:1      | 0 ||| qw: Lair rune preference: random
     0 | D:1      | 0 ||| qw: Plans: Normal, Zot:1-4, God:TSO, Crypt, Tomb,
                  | Pan, Slime:5, Hells, Abyss, Orb
     0 | D:1      | 0 ||| PLANNING D:1-11
    55 | D:1      | Reached skill level 2 in Axes
   138 | D:1      | 138 ||| Stepping ~*~*~tactically~*~*~ (hiding).
   256 | D:1      | Reached XP level 2. HP: 14/19 MP: 2/2
   500 | D:1      | 500 ||| Stepping ~*~*~tactically~*~*~ (stealth).
   501 | D:1      | 501 ||| Stepping ~*~*~tactically~*~*~ (stealth).
   512 | D:1      | 512 ||| Stepping ~*~*~tactically~*~*~ (stealth).
   515 | D:1      | 515 ||| Stepping ~*~*~tactically~*~*~ (stealth).
   516 | D:1      | 516 ||| Stepping ~*~*~tactically~*~*~ (stealth).
   531 | D:1      | 531 ||| Stepping ~*~*~tactically~*~*~ (stealth).
   739 | D:1      | 739 ||| READING scroll labelled BOL BIOTOL.
   740 | D:1      | 740 ||| READING scroll labelled QOKEUSSODGH.
   741 | D:1      | 741 ||| READING scroll labelled SITOME MAOCWO.
   742 | D:1      | 742 ||| READING scroll labelled NEIKOTWOMUBE.
   743 | D:1      | 743 ||| DRINKING 2 amethyst potions.
   744 | D:1      | 744 ||| DROPPING potion of flight.
   753 | D:2      | 753 ||| STAIRDANCE
   817 | D:2      | Reached skill level 3 in Axes
   817 | D:2      | Reached XP level 3. HP: 20/23 MP: 3/3
   817 | D:2      | 817 ||| STAIRDANCE
   869 | D:2      | 869 ||| Stepping ~*~*~tactically~*~*~ (stealth).
   903 | D:2      | 903 ||| Stepping ~*~*~tactically~*~*~ (stealth).
   905 | D:2      | 905 ||| Stepping ~*~*~tactically~*~*~ (stealth).
  1210 | D:2      | You fall into a shaft and drop 1 floor!
  1243 | D:3      | Identified the +0 quarterstaff "Uduw" {flame, *Corrode rC++
                  | Str+3 Dex+3 Stlth+}
  1253 | D:3      | 1253 ||| Stepping ~*~*~tactically~*~*~ (stealth).
  1263 | D:3      | Reached XP level 4. HP: 21/28 MP: 4/4
  1368 | D:3      | 1368 ||| Stepping ~*~*~tactically~*~*~ (hiding).
  1380 | D:3      | Reached skill level 4 in Axes
  1698 | D:3      | 1698 ||| DROPPING +0 whip.
  1709 | D:3      | 1709 ||| UPGRADING to +1 pair of gloves.
  1714 | D:3      | 1714 ||| UPGRADING to +0 helmet.
  1719 | D:3      | 1719 ||| UPGRADING to ring of positive energy.
  1720 | D:3      | 1720 ||| READING scroll labelled FEPESE GEJIUMEXU.
  1721 | D:3      | 1721 ||| READING scroll labelled AKHLEB RYTARPH.
  1722 | D:3      | 1722 ||| READING 2 scrolls labelled ILUUSM UQIUBBI.
  1963 | D:2      | 1963 ||| READING scroll of enchant armour.
  1963 | D:2      | 1963 ||| ENCHANTING +1 pair of gloves.
  1989 | D:2      | Found a faded altar of an unknown god.
  2267 | D:2      | 2267 ||| READING scroll labelled IFROOPP PYUS.
  2267 | D:2      | Identified a scroll of acquirement
  2267 | D:2      | 2267 ||| ACQUIRING +1 cloak of willpower
  2267 | D:2      | Acquired a +1 cloak of willpower
  2269 | D:2      | 2269 ||| UPGRADING to +1 cloak of willpower.
  2617 | D:3      | 2617 ||| UPGRADING to ring of protection from fire.
  2655 | D:4      | Noticed an ogre
  2663 | D:4      | HP: 1/28 [ogre/+0 giant club (15)]
  2664 | D:4      | 2664 ||| READING scroll of teleportation.
  2664 | D:4      | Mangled by an ogre

Levels and vault maps discovered:
D:1:      amcnicky_arrival_gap_in_the_tavern_cellar, layout_rooms,
          chequers_serial_rivers_micro_a, minmay_box_of_dots
D:2:      layout_rooms, shapermc_ecumenical_altar_flowoftime, chequers_arboretum
D:3:      minmay_door_path, layout_loops_ring
D:4:      layout_loops_ring

Skill      XL: |  1  2  3  4 |
---------------+-------------+-----
Axes           | 2 3 4 |  4.4
Fighting       | |  3.2
Armour         | |  3.2
Shields        | |  3.2

Action                   |  1- 3 |  4- 6 || total
-------------------------+-------+-------++-------
Melee: War axe           |    95 |    68 ||   163
  Use: Scroll            |     4 |     6 ||    10
       Potion            |     1 |       ||     1
Armor: Scale mail        |    67 |    34 ||   101
Dodge: Dodged            |    43 |    17 ||    60
Block: Buckler           |    21 |     5 ||    26

Table legend:
 A = Non-vault XP
 B = Vault XP
 C = Vault XP percentage of total XP
 D = Non-vault monster count
 E = Vault monster count
 F = Vault count percentage of total count
                 A         B        C        D         E       F
            +---------+---------+-------+---------+---------+-------
      Total |     132 |      22 |  14.3 |      47 |       6 |  11.3
            +---------+---------+-------+---------+---------+-------
        D:1 |      20 |       7 |  25.9 |      12 |       4 |  25.0
        D:2 |      66 |       0 |   0.0 |      20 |       0 |   0.0
        D:3 |      46 |      15 |  24.6 |      15 |       2 |  11.8
            +---------+---------+-------+---------+---------+-------
